 Dungeon Sprint DCSS version 0.21.1-1-g345015f (webtiles) character file.

168 Psiloshibe the Carver (level 5, -3/49 HPs)
             Began as a Barachi Berserker on June 2, 2018.
             Was a Priest of Trog.
             Slain by a sky beast (5 damage)
             ... in the Dungeon (Sprint IX: "|||||||||||||||||||||||||||||").
             The game lasted 00:00:58 (60 turns).

Psiloshibe the Carver (Barachi Berserker)             Turns: 60, Time: 00:00:59

Health: -3/49      AC:  2    Str: 18    XL:     5   Next: 49%
Magic:  5/5        EV: 14    Int:  8    God:    Trog [***...]
Gold:   0          SH:  0    Dex: 12    Spells: 4/4 levels left

rFire    . . .     SeeInvis .   a - +0 falchion
rCold    . . .     Gourm    .   (no shield)
rNeg     . . .     Faith    .   b - +0 animal skin
rPois    .         Spirit   .   (no helmet)
rElec    .         Reflect  .   (no cloak)
rCorr    .         Harm     .   (no gloves)
MR       ++...     NoTele   +   (no boots)
Stlth    +.........             (no amulet)
HPRegen  1.16/turn              (no ring)
MPRegen  0.09/turn              (no ring)

@: can't hop, berserk cooldown, regenerating, hasted and slowed, slow
A: +LOS, swims, slowness 1, strong legs 1
a: Hop, Berserk, Trog's Hand, Burn Spellbooks, Renounce Religion


You were in the Dungeon.
You worshipped Trog.
Trog was most pleased with you.
You were not hungry.

You visited 1 branch

Inventory:

Hand Weapons
 a - a +0 falchion (weapon)
Armour
 b - a +0 animal skin (worn)
Scrolls
 i - a scroll of blinking
Potions
 d - a potion of curing
 g - 2 potions of magic
 h - a potion of berserk rage
Comestibles
 c - a ration


   Skills:
 + Level 7.8 Fighting
 + Level 8.4 Long Blades
 * Level 4.2 Throwing
 + Level 4.3 Armour
 + Level 4.3 Dodging


You had 4 spell levels left.
You didn't know any spells.

Dungeon Overview and Level Annotations

Branches:
Dungeon (1/1)

Altars:


Innate Abilities, Weirdness & Mutations

Shadows flee at your approach. (+LOS)
You can swim through water.
You cover ground slowly.
You can hop short distances.


Message History

The sky beast flickers out of sight!
Deactivating autopickup; reactivate with Ctrl-A.
Something barely misses you.
You hit something but do no damage.
A sky beast appears from thin air!
Reactivating autopickup.
The sky beast hits you.
* * * LOW HITPOINT WARNING * * *
The sky beast shocks you.
* * * LOW HITPOINT WARNING * * *
Hop to where?
Press: ? - help, Dir - move target cursor Boing!
The sky beast flickers out of sight!
Deactivating autopickup; reactivate with Ctrl-A.
There is an open door here.
Things that are here:
a whip; a leather armour Something is blocking the doorway!
Something hits you.
* * * LOW HITPOINT WARNING * * *
Something shocks you.
You die...

▓.▓
▓†▓
▓.▓
▓.▓
▓.▓
▓≈▓
▓.▓
▓'▓
▓@▓
▓.▓
▓.▓
▓.▓
▓.▓
▓+▓


There were no monsters in sight!

Vanquished Creatures
  An ice beast (D)
  A howler monkey (D)
  A gnoll shaman (D)
  A leopard gecko (D)
  A goblin (D)
  A jackal (D)
  A frilled lizard (D)
  A kobold (D)
  A rat (D)
9 creatures vanquished.

Notes
Turn   | Place    | Note
-------+----------+-------------------------------------------
     0 | D        | Psiloshibe the Barachi Berserker began the quest for the Orb.
     0 | D        | Reached XP level 1. HP: 18/18 MP: 1/1
     7 | D        | Reached skill level 4 in Long Blades
     9 | D        | Reached ** piety under Trog
    20 | D        | Noticed a gnoll shaman
    20 | D        | Noticed a howler monkey
    20 | D        | Noticed an ice beast
    20 | D        | Noticed a sky beast
    26 | D        | Killed a gnoll shaman
    26 | D        | Reached skill level 5 in Fighting
    26 | D        | Reached skill level 5 in Long Blades
    26 | D        | Reached XP level 2. HP: 27/27 MP: 2/2
    26 | D        | Reached XP level 3. HP: 33/33 MP: 3/3
    30 | D        | Reached *** piety under Trog
    34 | D        | Reached skill level 6 in Long Blades
    34 | D        | Reached XP level 4. HP: 40/40 MP: 4/4
    40 | D        | Killed an ice beast
    40 | D        | Reached skill level 8 in Long Blades
    40 | D        | Reached XP level 5. HP: 41/49 MP: 5/5
    56 | D        | HP: 1/49 [sky beast (5)]
    60 | D        | Slain by a sky beast

Skill      XL: |  1  2  3  4 |
---------------+-------------+-----
Fighting       | 5 6 7 |  7.8
Long Blades    | 5 6 8 |  8.4
Throwing       | 2 3 4 |  4.2
Armour         | 3 4 |  4.3
Dodging        | 3 4 |  4.3

Action                   |  1- 3 |  4- 6 || total
-------------------------+-------+-------++-------
Melee: Falchion          |    20 |    11 ||    31
Invok: Trog's Hand       |     1 |     1 ||     2
       Berserk           |     1 |       ||     1
 Abil: Hop               |       |     1 ||     1
  Use: Potion            |       |     2 ||     2
Armor: Animal skin       |     3 |     1 ||     4
Dodge: Dodged            |     8 |     4 ||    12
       Rpst.: Falchion   |     3 |       ||     3
